[Event "*** Titled Tuesday Blitz"]
[Site "Chess.com"]
[Date "2021.03.09"]
[Round "9"]
[White "ARTHURMOTIVATOR"]
[Black "Kislov_Oleg"]
[Result "0-1"]
[WhiteElo "2348"]
[BlackElo "2481"]
[TimeControl "180+1"]
[EndTime "11:47:31 PST"]
[Termination "Kislov_Oleg won on time"]

1. e4 c5 2. b3 Nc6 3. Bb2 e5 4. Bb5 d6 5. Bxc6+ bxc6 6. d3 g6 7. Ne2 Bg7 8. f4 f6 9. O-O Nh6 10. fxe5 fxe5 11. Nd2 Nf7 12. Nc4 O-O 13. Qe1 Be6 14.
Qg3 Qe7 15. h4 Nh6 16. Ne3 Rf4 17. Nxf4 exf4 18. Qxf4 Bxb2 19. Qxh6 Bxa1 20. Rxa1 Qg7 21. Qxg7+ Kxg7 22. Rf1 d5 23. Kh2 Re8 24. Kg3 c4 25. bxc4 dxc4 26. Rb1 cxd3 27. Rb7+ Kf6 28. cxd3 Rd8 29. Kf4 Bxa2 30. Rxa7 Rxd3 31. e5+ Ke6 32. Ke4 Rd2 33. Rxh7 Bd5+ 34. Kf4 Bxg2 35. Rh6 Bd5 36. Rxg6+ Ke7 37. Rf6 Rf2+ 38. Kg5 Rg2+ 39. Kf4 Rf2+ 40.
Kg5 Re2 41. Nf5+ Kd7 42. Re6 Bxe6 43. Kf6 Rf2 0-1

[Event "*** Titled Tuesday Blitz"]
[Site "Chess.com"]
[Date "2021.03.09"]
[Round "9"]
[White "CraiggoryC"]
[Black "MustafayevFarid2004"]
[Result "0-1"]
[WhiteElo "2299"]
[BlackElo "2452"]
[TimeControl "180+1"]
[EndTime "11:47:31 PST"]
[Termination "MustafayevFarid2004 won by resignation"]

1. e4 c6 2. Nf3 d5 3. e5 Bg4 4.
d4 e6 5. c3 Nd7 6. Be3 Ne7 7. Nbd2 Nf5 8. Bd3 Be7 9. O-O Nxe3 10.
fxe3 Qc7 11. Qe1 f5 12. Qg3 O-O-O 13. Ne1 g5 14. a4 h5 15. a5 h4 16. Qf2 Rdf8 17.
b4 f4 18. Nb3 h3 19. g3 Rf7 20. Qc2 Rhf8 21. Bg6 Rg7 22. exf4 gxf4 23. Rf2 fxg3 24. Rxf8+ Nxf8 25. hxg3 Rxg6 26. Nd3 Bf5 27. Nbc5 Rxg3+ 28.
Kh2 Rg2+ 29. Qxg2 hxg2 30. Kxg2 Bxc5 31. Nxc5 Qg7+ 0-1

[Event "*** Titled Tuesday Blitz"]
[Site "Chess.com"]
[Date "2021.03.09"]
[Round "9"]
[White "Lupul_Cenusiu"]
[Black "davigator"]
[Result "1-0"]
[WhiteElo "2573"]
[BlackElo "2409"]
[TimeControl "180+1"]
[EndTime "11:47:32 PST"]
[Termination "Lupul_Cenusiu won by checkmate"]

1. d4 Nf6 2. c4 e6 3. Nc3 Bb4 4. e3 c5 5. Nf3 Nc6 6. Bd2 O-O 7. Be2 d5 8. cxd5 exd5 9. dxc5 Bxc5 10. Rc1 Qe7 11. O-O Rd8 12. Na4 Bd6 13. Bc3 Ne4 14.
Bd4 Bg4 15. Nc3 Bc7 16. Nb5 Bb8 17.
h3 Be6 18. Nc3 Bc7 19. a3 Rac8 20. b4 Bb8 21. Na4 f5 22. Bb2 f4 23. exf4 Bxf4 24.
Rc2 Bf5 25. Bd3 Bg6 26. Qa1 Rf8 27. Nc5 b6 28. Nxe4 dxe4 29. Bc4+ Kh8 30. Nh2 Ne5 31.
Bb3 Nd3 32. Rxc8 Rxc8 33. Bd4 Rd8 34. Ng4 h5 35. Ne3 Bc7 36. Nd5 Qd6 37. Bxg7+ Kg8 38. Nxc7+ Kh7 39. Ne6 Rg8 40. Ng5# 1-0

[Event "*** Titled Tuesday Blitz"]
[Site "Chess.com"]
[Date "2021.03.09"]
[Round "9"]
[White "rynos0411"]
[Black "BvsN"]
[Result "0-1"]
[WhiteElo "2443"]
[BlackElo "2338"]
[TimeControl "180+1"]
[EndTime "11:47:33 PST"]
[Termination "BvsN won by resignation"]

1. d4 d5 2. Nf3 e6 3. Bf4 Nf6 4. e3 Bd6 5. c3 b6 6. Nbd2 O-O 7. Bd3 Ba6 8. Qe2 Bxd3 9. Qxd3 Bxf4 10. exf4 c5 11. O-O cxd4 12. Nxd4 Nbd7 13. Rfe1 Rc8 14. a4 Nc5 15. Qe2 Qd6 16. g3 Rfe8 17. a5 Nce4 18. axb6 Qxb6 19. N2f3 Rb8 20. Ra2 a5 21. Rea1 a4 22. Ne5 Nc5 23. g4 Nfe4 24. f3 Nd6 25. Kg2 f6 26. Nd3 e5 27. fxe5 Nxd3 28. Qxd3 Rxe5 29. Rf1 Nc4 30. Rf2 a3 31. b3 Ne3+ 32. Kg1 Rbe8 33. Rxa3 f5 34. Ra6 Qc5 35. b4 Qc8 36. g5 Nc4 37. Nxf5 Qxa6 38. Nd4 Qa1+ 39. Kg2 Re1 40. Qf5 Ne3+ 0-1

[Event "*** Titled Tuesday Blitz"]
[Site "Chess.com"]
[Date "2021.03.09"]
[Round "9"]
[White "KruHor"]
[Black "ikhasu"]
[Result "1-0"]
[WhiteElo "2529"]
[BlackElo "2386"]
[TimeControl "180+1"]
[EndTime "11:47:34 PST"]
[Termination "KruHor won by resignation"]

1. e4 e5 2. d4 exd4 3. Nf3 Nc6 4. c3 dxc3 5. Bc4 d6 6. Nxc3 Be6 7. Bxe6 fxe6 8. Qb3 Qc8 9. O-O Be7 10. Bf4 Nh6 11.
Bxh6 gxh6 12. Rad1 Rg8 13. Rfe1 Qd7 14. Qxb7 Rb8 15. Qa6 Rxb2 16. Rb1 Rb6 17. Qc4 Rg6 18. Rbd1 e5 19. Ne2 Qg4 20. Ng3 h5 21. h3 Qf4 22.
Re3 h4 23. Nf5 Bf8 24. Rc3 Rf6 25. Qa4 Rxf5 26. Rxc6 Rxc6 27. Qxc6+ Ke7 28. exf5 1-0

[Event "*** Titled Tuesday Blitz"]
[Site "Chess.com"]
[Date "2021.03.09"]
[Round "9"]
[White "Dyadya81"]
[Black "Grandmaster2B"]
[Result "1-0"]
[WhiteElo "2737"]
[BlackElo "2564"]
[TimeControl "180+1"]
[EndTime "11:47:35 PST"]
[Termination "Dyadya81 won by resignation"]

1. e4 c5 2. Nc3 a6 3. f4 b5 4.
Nf3 Bb7 5. d4 cxd4 6. Qxd4 Nc6 7.
Qf2 e6 8. Be3 Nf6 9. Bb6 Ng4 10.
Qg1 Qf6 11. h3 Nh6 12. Qe3 Bb4 13. g4 Ng8 14. O-O-O Bxc3 15. bxc3 b4 16. e5 Qe7 17. Bc5 Qd8 18. cxb4 Nge7 19. Bc4 O-O 20. Ng5 Nxb4 21. Bxb4 Bxh1 22. Rxh1 Rc8 23. Qd3 g6 24. Bxa6 Rc6 25. Bb5 Rb6 26. a4 Nd5 27. Bxf8 Nxf4 28. Qe3 Qxg5 29. Bc5 Rb8 30. Rf1 Rc8 31. Qxf4 Qxf4+ 32.
Rxf4 Rxc5 33. Rd4 Rxe5 34. Rxd7 Re3 35. a5 Rxh3 36. a6 Ra3 37. a7 Kg7 38. Bc6 Ra1+ 39.
Kb2 Ra6 40. a8=Q Rxa8 41. Bxa8 h5 1-0

[Event "*** Titled Tuesday Blitz"]
[Site "Chess.com"]
[Date "2021.03.09"]
[Round "9"]
[White "ri4mi"]
[Black "Brave_spirit12"]
[Result "1/2-1/2"]
[WhiteElo "2442"]
[BlackElo "2578"]
[TimeControl "180+1"]
[EndTime "11:47:36 PST"]
[Termination "Game drawn by repetition"]

1. e4 e6 2. d4 d5 3. Nc3 Nf6 4.
e5 Nfd7 5. f4 c5 6. Nf3 Nc6 7. Be3 Qb6 8. Na4 Qa5+ 9. c3 cxd4 10. b4 Nxb4 11. cxb4 Bxb4+ 12. Bd2 Bxd2+ 13. Nxd2 b6 14. Bd3 Ba6 15. Bxa6 Qxa6 16. Kf2 f6 17. Qg4 Qxa4 18. Qxe6+ Kd8 19. Qxd5 Kc7 20. Rhc1+ Nc5 21. Rxc5+ bxc5 22. Qd6+ Kc8 23. Qxc5+ Kd8 24. Qd5+ Ke7 25. Rb1 Rad8 26. Rb7+ Rd7 27. Qd6+ Ke8 28. Rb8+ Kf7 29. e6+ Kg6 30. exd7 Qc2 31. f5+ Qxf5+ 32. Nf3 Rxb8 33.
Qxb8 Qxd7 34. Qf4 d3 35. Qe4+ Kf7 36. Qe3 a5 37. Nd4 Qd5 38. a3 Qa2+ 39. Kf3 Qxa3 40.
Qe6+ Kf8 41. Qc8+ Kf7 42. Qe6+ Kf8 43. Qc8+ Kf7 44. Qe6+ 1/2-1/2

[Event "*** Titled Tuesday Blitz"]
[Site "Chess.com"]
[Date "2021.03.09"]
[Round "9"]
[White "Nemsko"]
[Black "Herman-NY"]
[Result "0-1"]
[WhiteElo "2293"]
[BlackElo "2453"]
[TimeControl "180+1"]
[EndTime "11:47:36 PST"]
[Termination "Herman-NY won on time"]

1. e4 e5 2. Nf3 Nc6 3. Bb5 f5 4. d3 fxe4 5. dxe4 Nf6 6. Qd3 d6 7. Nc3 Be6 8. Bg5 Be7 9. O-O O-O 10. a3 Qd7 11. Bc4 Kh8 12. Bxe6 Qxe6 13. h3 Rf7 14.
Nh2 Nh5 15. Bxe7 Nxe7 16. Rad1 Nf4 17. Qe3 Raf8 18. Kh1 Qg6 19. Rg1 Nc6 20. Nf1 Qh6 21. Kh2 Nd4 22. Rd2 c6 23. Qg3 Rf6 24. Ne3 Rg6 25.
Ng4 Qg5 26. Ne3 Qf6 27. Ng4 Qg5 28. Ne3 Qe7 29. Ng4 h5 0-1

[Event "*** Titled Tuesday Blitz"]
[Site "Chess.com"]
[Date "2021.03.09"]
[Round "9"]
[White "jannat65"]
[Black "tylityli"]
[Result "0-1"]
[WhiteElo "1976"]
[BlackElo "2258"]
[TimeControl "180+1"]
[EndTime "11:47:36 PST"]
[Termination "tylityli won by resignation"]

1. e4 e5 2. Nf3 Nc6 3. d4 exd4 4. Nxd4 Nf6 5. Nc3 Bb4 6. Bg5 h6 7. Bxf6 Qxf6 8. Nxc6 Bxc3+ 9. Ke2 Qxc6 10. bxc3 Qxe4+ 11. Kd2 Qf4+ 12. Ke2 O-O 13. f3 Re8+ 14. Kf2 Qe3+ 15. Kg3 d5 16. Bd3 c5 17. Re1 Qg5+ 18. Kf2 Bf5 19.
Bb5 Rxe1 20. Qxe1 Bxc2 21. Rc1 Bg6 22. Rd1 Rd8 23. Bd3 d4 24. cxd4 cxd4 25. Bxg6 Qxg6 26. Qe7 Qc2+ 27. Ke1 Qc8 28. Qe4 Re8 29. Rxd4 Rxe4+ 30. Rxe4 Qc1+ 31. Kf2 Qc5+ 32. Kf1 b5 33. Re2 a5 34.
Rd2 Qc4+ 35. Kf2 b4 36. Rd8+ Kh7 37. Rd2 a4 38. Rb2 Qd4+ 39. Ke2 Qxb2+ 40. Kf1 Qxa2 41.
g3 b3 42. f4 Qc2 43. g4 b2 0-1

[Event "*** Titled Tuesday Blitz"]
[Site "Chess.com"]
[Date "2021.03.09"]
[Round "9"]
[White "HanSchut"]
[Black "ChronicUnhappiness"]
[Result "0-1"]
[WhiteElo "2212"]
[BlackElo "2339"]
[TimeControl "180+1"]
[EndTime "11:47:36 PST"]
[Termination "ChronicUnhappiness won by resignation"]

1. e4 c5 2. Nf3 Nc6 3. d4 cxd4 4. Nxd4 Nf6 5. Nc3 e5 6. Ndb5 d6 7. Nd5 Nxd5 8. exd5 Ne7 9. c3 Ng6 10. a4 Be7 11.
Be3 a6 12. Na3 f5 13. Nc4 O-O 14. f3 f4 15. Bb6 Bh4+ 16. g3 fxg3 17. Bxd8 g2+ 18.
Bxh4 gxh1=Q 19. Bg3 Rxf3 20. Qe2 Bh3 21. Nd2 Rxf1+ 22. Nxf1 Rf8 23. O-O-O Rxf1 24. Be1 Qf3 25. Qc4 Bg4 26. Rd3 Rxe1+ 27. Kc2 Qe2+ 28. Kb3 Rd1 29. Qc7 Qxd3 30. Qd8+ Nf8 31. Qxd6 Qxd5+ 32. Qxd5+ Rxd5 0-1

[Event "*** Titled Tuesday Blitz"]
[Site "Chess.com"]
[Date "2021.03.09"]
[Round "9"]
[White "MrrRefrao"]
[Black "lindsay790"]
[Result "0-1"]
[WhiteElo "2358"]
[BlackElo "2205"]
[TimeControl "180+1"]
[EndTime "11:47:36 PST"]
[Termination "lindsay790 won on time"]

1. e4 c5 2. Nf3 d6 3. d4 cxd4 4. Nxd4 Nf6 5. Nc3 g6 6. Be3 Bg7 7. f3 a6 8. Qd2 b5 9. g4 Qc7 10. h4 Nbd7 11. h5 Bb7 12. h6 Bf8 13. a3 Ne5 14.
O-O-O Nfd7 15. Nd5 Bxd5 16. exd5 Nb6 17. Nc6 Nxc6 18.
dxc6 Qxc6 19. Qd4 Rc8 20. Bd3 Nc4 21. Qxh8 Nxe3 22. Rd2 Qxf3 23. Re1 Nxg4 24. Rde2 e5 25. Be4 Qf4+ 26. Kb1 Nf6 27. Bb7 Rd8 28. Bxa6 Ke7 0-1

[Event "*** Titled Tuesday Blitz"]
[Site "Chess.com"]
[Date "2021.03.09"]
[Round "9"]
[White "frederiksvane"]
[Black "Gabrielian_Artur"]
[Result "1-0"]
[WhiteElo "2671"]
[BlackElo "2801"]
[TimeControl "180+1"]
[EndTime "11:47:37 PST"]
[Termination "frederiksvane won by resignation"]

1. e4 c5 2. Nf3 d6 3. Bb5+ Nd7 4. d4 cxd4 5. Qxd4 a6 6. Bxd7+ Bxd7 7. Nc3 Nf6 8. Bg5 e6 9. O-O-O Be7 10. e5 dxe5 11. Nxe5 Bc6 12. Nxc6 bxc6 13. Bxf6 gxf6 14. Qc4 Qb6 15.
Ne4 Rd8 16. Rxd8+ Kxd8 17. Rd1+ Kc7 18. Qc3 Rd8 19. Qg3+ Kb7 20. Rxd8 Qxd8 21. Qb3+ Qb6 22. g4 Kc7 23. Qxb6+ Kxb6 24. Kd2 a5 25. a4 Kc7 26.
Kd3 Kb6 27. h3 Kc7 28. Kc4 f5 29. gxf5 exf5 30. Nc5 Bh4 31. f3 Be1 32. c3 Kd6 33. b4 axb4 34. cxb4 Kc7 35. Nd3 Bd2 36. Ne5 f6 37.
Nd3 Kd6 38. a5 Kc7 39. Nc5 Be3 40. Ne6+ Kd6 41. Nd4 Ke5 42. Nxc6+ Kf4 43. Nd4 Ke5 44. Nc2 Bf2 45. b5 Kd6 46. Nd4 f4 47. b6 Bg1 48.
a6 1-0

[Event "*** Titled Tuesday Blitz"]
[Site "Chess.com"]
[Date "2021.03.09"]
[Round "9"]
[White "Haykoooo0o"]
[Black "kekic76"]
[Result "1/2-1/2"]
[WhiteElo "2487"]
[BlackElo "2366"]
[TimeControl "180+1"]
[EndTime "11:47:37 PST"]
[Termination "Game drawn by repetition"]

1. d4 d6 2. Nf3 Nc6 3. Bf4 g6 4.
h3 Bg7 5. e3 e5 6. Bh2 exd4 7.
exd4 Nge7 8. c3 O-O 9. Be2 Re8 10. O-O Bf5 11. Nbd2 a6 12. Re1 h6 13. Qb3 Qc8 14.
Rac1 Be6 15. Qd1 Bf5 16. Nc4 g5 17. Ne3 Bg6 18. Bd3 Nf5 19. Nxf5 Rxe1+ 20. Qxe1 Bxf5 21. Bc4 Qd7 22. Qd2 Re8 23. Re1 b5 24. Bf1 Rxe1 25. Qxe1 Qe7 26. Qxe7 Nxe7 27. a4 Bd7 28. axb5 axb5 29.
Bd3 Bc6 30. Kf1 b4 31. Nd2 bxc3 32. bxc3 Kf8 33. Be4 Bxe4 34. Nxe4 Nd5 35. c4 Nf6 36. Nxf6 Bxf6 37. d5 Bd4 38. f3 Ke7 39. Ke2 f5 40. g4 Kf6 41. gxf5 Kxf5 42. Kd3 Bb6 43. Bg3 h5 44.
Bh2 Bc5 45. Bg3 Bb6 46. Ke2 Bc5 47. Bh2 Bb6 48. Bg3 Bc5 49. Bh2 Bb6 50. Bg3 1/2-1/2

[Event "*** Titled Tuesday Blitz"]
[Site "Chess.com"]
[Date "2021.03.09"]
[Round "9"]
[White "ShcufNaiRolf"]
[Black "coco_crc"]
[Result "0-1"]
[WhiteElo "2350"]
[BlackElo "2224"]
[TimeControl "180+1"]
[EndTime "11:47:37 PST"]
[Termination "coco_crc won by checkmate"]

1. e4 e5 2. Nf3 Nc6 3. Bb5 a6 4. Ba4 Nf6 5. O-O Be7 6. Re1 b5 7. Bb3 d6 8. c3 O-O 9. h3 Na5 10. Bc2 d5 11. exd5 e4 12. Nd4 Qxd5 13. d3 exd3 14.
Qxd3 Bb7 15. f3 Rfe8 16. Be3 Nc4 17. Bc1 Bc5 18. Rf1 Ne5 19. Qd1 Rad8 20. Nd2 Bxd4+ 21.
cxd4 Qxd4+ 22. Kh1 Nc4 23. Nb3 Qh4 24. Bd3 Nh5 25. Rg1 Ne3 26. Bxe3 Rxe3 27. Nc5 Ng3+ 28. Kh2 Qf4 29. Bxh7+ Kxh7 30. Qxd8 Nf1+ 31. Kh1 Qh2# 0-1

[Event "*** Titled Tuesday Blitz"]
[Site "Chess.com"]
[Date "2021.03.09"]
[Round "9"]
[White "DarZay"]
[Black "Piotrek1979"]
[Result "0-1"]
[WhiteElo "2162"]
[BlackElo "2346"]
[TimeControl "180+1"]
[EndTime "11:47:37 PST"]
[Termination "Piotrek1979 won by resignation"]

1. e4 c6 2. d4 d5 3. Nc3 dxe4 4. Nxe4 Bf5 5. Ng3 Bg6 6. h4 h6 7. Nf3 Nd7 8. h5 Bh7 9. Bd3 Bxd3 10. Qxd3 e6 11. Bd2 Ngf6 12. O-O-O Be7 13. Kb1 O-O 14. Ne4 Nxe4 15. Qxe4 Nf6 16. Qe2 Qd5 17. c3 c5 18.
Ka1 Qe4 19. Be3 Rfd8 20. Ne5 cxd4 21. cxd4 Rac8 22. f3 Qc2 23. Qe1 Nd5 24. Bd2 Qa4 25.
Qg3 Kf8 26. Rhe1 Rc2 27. Nxf7 Kxf7 28. Qg6+ Kf8 29. Qxe6 Rc6 30. Qe5 Ra6 31. a3 Bxa3 32. Kb1 Bxb2 33. Bxh6 Qa2+ 34. Kc2 Bxd4+ 35. Kd3 Nb4+ 36.
Ke4 Qc2+ 37. Kf4 Bxe5+ 38. Kxe5 0-1

[Event "*** Titled Tuesday Blitz"]
[Site "Chess.com"]
[Date "2021.03.09"]
[Round "9"]
[White "zajka-molotok"]
[Black "Sanyura"]
[Result "0-1"]
[WhiteElo "2515"]
[BlackElo "2625"]
[TimeControl "180+1"]
[EndTime "11:47:38 PST"]
[Termination "Sanyura won by resignation"]

1. b4 Nf6 2. Bb2 e6 3. b5 d5 4.
e3 Be7 5. Nf3 O-O 6. Be2 a6 7. a4 c5 8. O-O Nbd7 9. c4 dxc4 10. Bxc4 Nb6 11. Be2 Nbd5 12. Nc3 Qa5 13. Ne5 Rd8 14.
Nc4 Qc7 15. Qb3 h5 16. Bf3 Ng4 17. g3 Bf6 18. Ne4 Bxb2 19. Qxb2 axb5 20. axb5 Rxa1 21. Rxa1 Nb4 22. Bxg4 hxg4 23. d4 b6 24. dxc5 bxc5 25. Qe5 Qb7 26. b6 Nd3 27. Nxc5 Nxc5 28. Qxc5 Qf3 29.
Ne5 Rd1+ 30. Rxd1 Qxd1+ 31. Kg2 Bb7+ 32. f3 gxf3+ 33. Kh3 f2 0-1

[Event "*** Titled Tuesday Blitz"]
[Site "Chess.com"]
[Date "2021.03.09"]
[Round "9"]
[White "moro182"]
[Black "exoticprincess"]
[Result "0-1"]
[WhiteElo "2709"]
[BlackElo "2876"]
[TimeControl "180+1"]
[EndTime "11:47:39 PST"]
[Termination "exoticprincess won by resignation"]

1. d4 Nf6 2. c4 c5 3. Nf3 e6 4. Nc3 d5 5. cxd5 Nxd5 6. e4 Nxc3 7.
bxc3 cxd4 8. cxd4 Bb4+ 9. Bd2 Bxd2+ 10. Qxd2 O-O 11. Rc1 Nd7 12. Bd3 b6 13. O-O Bb7 14.
Qf4 h6 15. d5 exd5 16. e5 Nc5 17. Bb1 Rc8 18. Nd4 Qg5 19. Qxg5 hxg5 20. Nf5 Rc7 21. Rfd1 Rd8 22. Nd6 Bc6 23. Nf5 Re8 24. Re1 Bd7 25.
Nd6 Re7 26. g3 g4 27. Bf5 Bxf5 28. Nxf5 Red7 29. Rcd1 Ne6 30. Rd2 Ng5 31. Nd4 Rc4 32. Red1 Re7 33. Nf5 Nf3+ 34. Kg2 Rxe5 35. Ne3 Nxd2 36.
Rxd2 Rc5 37. Nxg4 Re4 38. Ne3 d4 39. Nc2 d3 40. Ne3 Rxe3 41. fxe3 Rc2 0-1

[Event "*** Titled Tuesday Blitz"]
[Site "Chess.com"]
[Date "2021.03.09"]
[Round "9"]
[White "Vandros57"]
[Black "Jan1401"]
[Result "0-1"]
[WhiteElo "2221"]
[BlackElo "2422"]
[TimeControl "180+1"]
[EndTime "11:47:39 PST"]
[Termination "Jan1401 won on time"]

1. d4 e6 2. Nf3 Nf6 3. c4 Bb4+ 4. Bd2 Qe7 5. g3 Bxd2+ 6. Qxd2 Ne4 7. Qc2 f5 8. Bg2 O-O 9. O-O Nc6 10. Nbd2 Nxd2 11. Qxd2 d6 12. e3 e5 13. dxe5 dxe5 14. Rad1 Be6 15.
Qc3 Qf6 16. b4 e4 17. Qxf6 Rxf6 18. Nd2 Nxb4 19. Rb1 Nxa2 20. Rxb7 Rf7 21. Rb3 c5 22.
Ra1 Nb4 23. Ra5 Rc7 24. g4 g6 25. h4 a6 26. h5 Rd8 27. Nf1 Bxc4 28. Rc3 Bb5 29.
h6 c4 30. Ng3 Rd1+ 31. Kh2 Nd5 32. Rc2 c3 33. gxf5 gxf5 34. Nxf5 Nb4 35. Raa2 Nxa2 36. Rxa2 c2 0-1

[Event "*** Titled Tuesday Blitz"]
[Site "Chess.com"]
[Date "2021.03.09"]
[Round "9"]
[White "dhaessel"]
[Black "AntonovaNadezhda"]
[Result "1-0"]
[WhiteElo "1968"]
[BlackElo "2129"]
[TimeControl "180+1"]
[EndTime "11:47:40 PST"]
[Termination "dhaessel won on time"]

1. d4 Nf6 2. c4 g6 3. Nc3 Bg7 4. e4 d6 5. Be2 O-O 6. Be3 e5 7.
d5 a5 8. g4 Na6 9. g5 Ne8 10.
h4 f6 11. gxf6 Nxf6 12. h5 Nc5 13. hxg6 hxg6 14. f3 Nh5 15. Nh3 Nf4 16. Nxf4 exf4 17. Bd4 Qe7 18. Qd2 Bd7 19. O-O-O Bxd4 20. Qxd4 Qf6 21.
Qg1 a4 22. Rh6 Be8 23. Qh2 Qg7 24. Rh1 Qd4 25. Rh8+ Kf7 26. Rh7+ Kg8 27. Rxc7 Rf7 28.
Rxf7 Kxf7 29. Nb5 Qg7 30. Nxd6+ Ke7 31. Qxf4 Kd7 32. Nb5 Kd8 33. Qg5+ 1-0

[Event "*** Titled Tuesday Blitz"]
[Site "Chess.com"]
[Date "2021.03.09"]
[Round "9"]
[White "Tekushka"]
[Black "paulrusan"]
[Result "1-0"]
[WhiteElo "2457"]
[BlackElo "2311"]
[TimeControl "180+1"]
[EndTime "11:47:41 PST"]
[Termination "Tekushka won on time"]

1. e4 c5 2. Nf3 Nc6 3. Bb5 g6 4. Bxc6 dxc6 5. d3 Bg7 6. Nc3 Bg4 7. h3 Bxf3 8. Qxf3 e5 9. Be3 b6 10. Qe2 Ne7 11. h4 O-O 12. h5 f5 13. hxg6 hxg6 14. Bg5 Qd6 15. Qe3 f4 16. Qh3 Kf7 17.
O-O-O Rh8 18. Qg4 Qe6 19. Qf3 Bf6 20. Bxf6 Qxf6 21. Ne2 Rxh1 22. Rxh1 Rh8 23. Rh3 Rxh3 24.
Qxh3 f3 25. Qxf3 Qxf3 26. gxf3 Kf6 27. f4 exf4 28. Nxf4 Ke5 29. Ne2 g5 30. Kd2 Ng6 31. Ke3 b5 32. c3 a5 33. d4+ cxd4+ 34. cxd4+ Ke6 35. f4 gxf4+ 36. Nxf4+ Nxf4 37. Kxf4 Kd6 38. Kf5 c5 39. dxc5+ Kxc5 40. e5 Kc4 41. e6 Kd3 42. e7 Kc2 43. e8=Q b4 44. Qa4+ Kxb2 45. Qxa5 Ka1 46. Qxb4 Kxa2 47. Ke4 Ka1 48. Kd3 1-0

[Event "*** Titled Tuesday Blitz"]
[Site "Chess.com"]
[Date "2021.03.09"]
[Round "9"]
[White "GelmanAlexander"]
[Black "noblerone"]
[Result "1-0"]
[WhiteElo "2563"]
[BlackElo "2390"]
[TimeControl "180+1"]
[EndTime "11:47:42 PST"]
[Termination "GelmanAlexander won on time"]

1. d4 d5 2. Nc3 Nf6 3. Bf4 a6 4.
e3 c6 5. f3 h6 6. Nge2 Qb6 7.
a4 a5 8. g4 Nbd7 9. h4 e6 10.
Qd2 Bb4 11. Bg2 Qa7 12. Bg3 b6 13. Nf4 Ba6 14. O-O-O c5 15. g5 Ng8 16. e4 hxg5 17. hxg5 Rxh1 18. Rxh1 O-O-O 19. exd5 e5 20. dxe5 Nxe5 21.
Bh3+ Kb7 22. d6 Bc4 23. Re1 f6 24. Be6 Qa6 25. d7 Ne7 26. Qd6 N7c6 27. Nfd5 Bxd5 28. Bxd5 Bxc3 29. bxc3 b5 30. Rxe5 fxe5 31. Bxe5 Qb6 32.
axb5 1-0

[Event "*** Titled Tuesday Blitz"]
[Site "Chess.com"]
[Date "2021.03.09"]
[Round "9"]
[White "imdvb6307"]
[Black "Frogo47"]
[Result "1-0"]
[WhiteElo "2391"]
[BlackElo "2511"]
[TimeControl "180+1"]
[EndTime "11:47:43 PST"]
[Termination "imdvb6307 won on time"]

1. e4 c5 2. Nf3 d6 3. Bb5+ Nd7 4. c4 a6 5. Bxd7+ Bxd7 6. d4 cxd4 7. Nxd4 Nf6 8. f3 g6 9. O-O Bg7 10. b3 O-O 11. Bb2 Rc8 12. Nc3 Re8 13. Qd2 Qa5 14. Rfd1 b5 15. cxb5 axb5 16. Ncxb5 Qb6 17. a4 e5 18. Kh1 exd4 19. Bxd4 Qa6 20. Nc3 Rc6 21.
b4 Rc4 22. b5 Qa8 23. a5 Rxc3 24. Qxc3 Qd8 25. b6 d5 26. exd5 Nxd5 27. Qb2 Bh6 28. b7 Qb8 29. a6 Bc6 30. Bf2 Bf4 31. Bg3 Bxg3 32. hxg3 Qxg3 33. a7 Qh4+ 34. Kg1 Nf4 35. b8=Q 1-0

[Event "*** Titled Tuesday Blitz"]
[Site "Chess.com"]
[Date "2021.03.09"]
[Round "9"]
[White "tandaleo"]
[Black "Sychev_Klementy"]
[Result "1-0"]
[WhiteElo "2376"]
[BlackElo "2836"]
[TimeControl "180+1"]
[EndTime "11:47:44 PST"]
[Termination "tandaleo won by resignation"]

1. d4 Nf6 2. c4 g6 3. Nc3 Bg7 4. e4 d6 5. Be2 O-O 6. Nf3 e5 7. d5 Na6 8. Bg5 h6 9. Be3 Ng4 10. Bd2 f5 11. h3 Nxf2 12. Kxf2 fxe4 13. Nxe4 Qh4+ 14. Ke3 Qf4+ 15. Kd3 Nc5+ 16. Nxc5 Bf5+ 17. Kc3 e4+ 18. Kb3 e3 19. Nd3 Qe4 20. Bc3 b5 21. cxb5 Qxd5+ 22. Ka3 a6 23. b6 Bxc3 24. bxc3 Qa5+ 25.
Kb2 Rab8 26. Nd4 Rxb6+ 27. Nb3 c5 28. c4 d5 29. Nxc5 dxc4 30. Bxc4+ Kh7 31. Qe1 Qxc5 32.
Qc3 a5 33. Bg8+ Kxg8 34. Qxc5 Re6 35. Rad1 e2 36. Rde1 Re4 37. Qd5+ Kg7 38. Qxe4 Bxe4 39. Rxe2 1-0

[Event "*** Titled Tuesday Blitz"]
[Site "Chess.com"]
[Date "2021.03.09"]
[Round "9"]
[White "profofchess"]
[Black "KetiGrant"]
[Result "1-0"]
[WhiteElo "2494"]
[BlackElo "2352"]
[TimeControl "180+1"]
[EndTime "11:47:44 PST"]
[Termination "profofchess won by resignation"]

1. e4 c5 2. Nf3 Nc6 3. Bb5 g6 4. O-O Bg7 5. Re1 Nf6 6. e5 Nd5 7. Nc3 Nc7 8. Bxc6 dxc6 9. Ne4 Ne6 10. d3 O-O 11. Be3 b6 12. Qd2 Qd5 13. Bh6 c4 14.
Nc3 Qc5 15. Bxg7 Kxg7 16. d4 Qa5 17. Qe3 Nc7 18. h4 Bg4 19. Nh2 Be6 20. h5 Nd5 21. Nxd5 Qxd5 22. h6+ Kh8 23. c3 Bf5 24. Nf3 f6 25. exf6 exf6 26. Nh4 Bd3 27. Qe7 Qf7 28.
Qd6 g5 29. Nf3 Qg6 30. Re7 Qxh6 31. Rae1 g4 32. Nh2 Qg5 33. Qc7 b5 34. R1e3 Rg8 35. Rxd3 1-0

[Event "*** Titled Tuesday Blitz"]
[Site "Chess.com"]
[Date "2021.03.09"]
[Round "9"]
[White "FredyMatsuura"]
[Black "IMVoja"]
[Result "0-1"]
[WhiteElo "2216"]
[BlackElo "2415"]
[TimeControl "180+1"]
[EndTime "11:47:44 PST"]
[Termination "IMVoja won on time"]

1. d4 Nf6 2. c4 c5 3. d5 b5 4. Nf3 g6 5. a4 b4 6. Nbd2 Bg7 7. e4 d6 8. Bd3 O-O 9. O-O e5 10. dxe6 fxe6 11. e5 dxe5 12. Nxe5 Bb7 13. Ndf3 Nc6 14. Nxc6 Bxc6 15. Ne5 Bb7 16. Qe2 Qc7 17. Bg5 Nh5 18. Rfe1 Rae8 19. Qe3 a5 20. Rad1 Ba8 21. Rd2 Qb7 22.
Bf1 Qc7 23. Rd7 Qc8 24. Red1 Nf6 25. R7d6 Nh5 26. f4 Nf6 27. Be2 Ne4 28. Rd7 h6 29.
Bh4 Nf6 30. R7d6 Ne4 31. Rd7 g5 32. fxg5 Bxe5 33. gxh6 Bf6 0-1

[Event "*** Titled Tuesday Blitz"]
[Site "Chess.com"]
[Date "2021.03.09"]
[Round "9"]
[White "Nozdrachev_Leonid"]
[Black "XDPS"]
[Result "0-1"]
[WhiteElo "2526"]
[BlackElo "2713"]
[TimeControl "180+1"]
[EndTime "11:47:45 PST"]
[Termination "XDPS won on time"]

1. e4 e5 2. Nf3 Nc6 3. Bb5 a6 4. Ba4 d6 5. c4 Bg4 6. h3 Bxf3 7.
Bxc6+ bxc6 8. Qxf3 Nf6 9. d3 Be7 10. O-O O-O 11. Nc3 Nd7 12. Be3 Rb8 13. Rab1 a5 14. a3 Rb3 15. Qd1 Qb8 16. Qc2 Qb7 17.
Nb5 a4 18. Nc3 Ra8 19. f4 exf4 20. Rxf4 Bg5 21. Rf3 Bxe3+ 22. Rxe3 Qb6 23. Kf2 Nc5 24. d4 Ne6 25. Nxa4 Rxa4 26. Qxb3 Qa7 27. Rd1 h6 28. Red3 Ra5 29. Kf1 Rg5 30. Qc3 c5 31. dxc5 Nxc5 32. Re3 Re5 33. Qd4 Qa4 34. Kg1 Ne6 35. Qd2 Ng5 36. Qe2 Ne6 37. Kh2 Nf4 38. Qf1 Ne6 39. Rd5 Qc2 40. Rxe5 dxe5 41. Qe2 Qc1 42. Qe1 Qxb2 43.
Qc3 Qb6 44. Rg3 Nd4 45. c5 Qb1 46. Qb4 Qxe4 47. Qb8+ Kh7 48. Qxc7 Qf4 0-1

[Event "*** Titled Tuesday Blitz"]
[Site "Chess.com"]
[Date "2021.03.09"]
[Round "9"]
[White "Legendinunknown"]
[Black "AttackSparrow"]
[Result "1/2-1/2"]
[WhiteElo "2631"]
[BlackElo "2537"]
[TimeControl "180+1"]
[EndTime "11:47:46 PST"]
[Termination "Game drawn by repetition"]

1. d4 Nf6 2. c4 g6 3. Nc3 d5 4.
cxd5 Nxd5 5. e4 Nxc3 6. bxc3 Bg7 7. Bc4 c5 8. Ne2 Nc6 9. Be3 O-O 10. h4 h5 11. f3 b6 12. Kf2 Bb7 13. Rc1 Qc8 14.
Qd2 Rd8 15. d5 Na5 16. Bd3 c4 17. Bb1 e6 18. Bd4 exd5 19. Bxg7 Kxg7 20. e5 Nc6 21. Nd4 Nxe5 22. Rhe1 Re8 23. Qg5 Qc7 24. Nf5+ Kg8 25. Nh6+ Kg7 26. Nf5+ Kg8 27. Re3 Nd3+ 28. Bxd3 Rxe3 29.
Qf6 gxf5 30. Qg5+ Kf8 31. Qh6+ Kg8 32. Qg5+ Kf8 33. Qh6+ Kg8 34. Bxf5 Re6 35. Bh7+ Kh8 36. Bg6+ Kg8 37. Bh7+ Kh8 38. Bg6+ Kg8 39. Bh7+ 1/2-1/2